 Dungeon Crawl Stone Soup version 0.13.0-7-g3df9ff1 (webtiles) character file.

162 MackTheKnife the Charmwright (level 3, -1/23 HPs)
             Began as a High Elf Skald on Oct 16, 2013.
             Slain by a scorpion (3 damage)
             ... on Level 3 of the Dungeon.
             The game lasted 00:03:42 (2303 turns).

MackTheKnife the Charmwright (High Elf Skald)       Turns: 2303, Time: 00:03:43

HP  -1/23        AC  3     Str 11      XL: 3   Next: 50%
MP   9/9         EV 11     Int 16      God:
Gold 114         SH  0     Dex 15      Spells:  3 memorised,  0 levels left

Res.Fire  : . . .   See Invis. : .   j - +2 dwarf short sword
Res.Cold  : . . .   Warding    : .   b - +0 elf leather armour
Life Prot.: . . .   Conserve   : .   (no shield)
Res.Poison: .       Res.Corr.  : .   (no helmet)
Res.Elec. : .       Clarity    : .   (no cloak)
Sust.Abil.: . .     Spirit.Shd : .   (no gloves)
Res.Mut.  : .       Stasis     : .   (no boots)
Res.Rott. : .       Flight     : .   (no amulet)
Saprovore : . . .                    (no ring)
                                     (no ring)

@: mildly poisoned, very slightly contaminated, slightly resistant to hostile
enchantments, unstealthy
A: no striking features
a: no special abilities


You were on level 3 of the Dungeon.
You were very hungry.

You visited 1 branch of the dungeon, and saw 3 of its levels.

You collected 94 gold pieces.

Inventory:

Hand weapons
 j - a +2,+2 dwarven short sword (weapon)
Armour
 b - a +0 elven leather armour (worn)
Comestibles
 d - a bread ration
 g - 11 sultanas
Scrolls
 e - 2 scrolls of fog {unknown}
 f - 2 scrolls of recharging {unknown}
 i - 2 scrolls of identify {unknown}
 m - a scroll of curse armour {unknown}
 o - a scroll of remove curse {unknown}
Jewellery
 n - a +2 ring of protection {unknown}
Potions
 a - a potion of restore abilities {unknown}
 h - a potion of curing {unknown}
 l - a potion of might {unknown}
Books
 c - a book of Battle

   Spells                             Type                      Level
   *Infusion                          Charms                       1
   Shroud of Golubria                 Charms/Translocation         2
   Song of Slaying                    Charms                       2
   *Spectral Weapon                   Hexes/Charms                 3
   *Regeneration                      Charms/Necromancy            3
   Song of Shielding                  Charms                       4


   Skills:
 - Level 2.0 Fighting
 + Level 2.9 Short Blades
 - Level 0.8 Armour
 + Level 2.1 Dodging
 + Level 2.8 Spellcasting
 + Level 4.4 Charms


You couldn't memorise any spells.
You knew the following spells:

 Your Spells              Type           Power        Failure   Level  Hunger
a - Infusion              Chrm           ###...       3%          1    #......
b - Spectral Weapon       Hex/Chrm       #.......     28%         3    ###....
c - Regeneration          Chrm/Necr      #.........   28%         3    ###....


Dungeon Overview and Level Annotations

Branches:
Dungeon (3/27)

Altars:

Annotations:
D:2 Sigmund


Message History

Unknown command.
You closely miss the scorpion.
The scorpion is severely wounded.
Your spectral weapon closely misses the scorpion.
The scorpion stings you.
* * * LOW HITPOINT WARNING * * *
You hit the scorpion but do no damage.
The scorpion is severely wounded.
* * * LOW HITPOINT WARNING * * *
You feel sick.
Your spectral weapon hits the scorpion.
The scorpion closely misses you.
You hit the scorpion but do no damage.
The scorpion is severely wounded.
* * * LOW HITPOINT WARNING * * *
You feel sick.
Your spectral weapon hits the scorpion.
The scorpion stings you.
* * * LOW HITPOINT WARNING * * *
Drink which item? (? for menu, Esc to quit)
Magic courses through your body.
It was a potion of magic.
The scorpion stings you.
You die...

..........?.......
..>.................
#....<...........
#..............#
#..............#
#..............#
#..............#
#######.........(....####
........@(..........s....
#########s##############.
#.# #. #.# #K #.# #.
#######.##############.
............s.).....$...
.......................
..##################...


You could see a scorpion and a friendly spectral dwarven short sword.

Vanquished Creatures
  An adder (D:2)
  2 giant geckos (D:2)
  7 bats
  A giant cockroach (D:1)
  2 goblins (D:1)
  10 hobgoblins
  A ball python (D:2)
  A giant newt (D:2)
  6 kobolds
  2 rats
33 creatures vanquished.

Vanquished Creatures (others)
  An adder (D:2)
1 creature vanquished.

Grand Total: 34 creatures vanquished

Notes
Turn   | Place    | Note
--------------------------------------------------------------
     0 | D:1      | MackTheKnife, the High Elf Skald, began the quest for the Orb.
     0 | D:1      | Reached XP level 1. HP: 13/13 MP: 4/4
   299 | D:1      | Reached skill level 4 in Charms
   466 | D:1      | Reached XP level 2. HP: 18/18 MP: 6/6
  1441 | D:2      | Reached XP level 3. HP: 19/23 MP: 4/9
  1488 | D:2      | Learned a level 3 spell: Spectral Weapon
  1492 | D:2      | Learned a level 3 spell: Regeneration
  1736 | D:2      | Noticed Sigmund
  1778 | D:2      | HP: 1/23 [poisoned by an adder]
  2303 | D:3      | Slain by a scorpion

Action                   || total
-------------------------++-------
Melee: Short sword       ||   112
 Cast: Infusion          ||     3
       Regeneration      ||     2
       Spectral Weapon   ||     1
  Use: Potion            ||     3
 Stab: Sleeping          ||     1
